 Dungeon Crawl Stone Soup version 0.31-a0-1010-g5322dac6a2 (webtiles) character file.

Game seed: 16484444784122880644

16 kae the Vexing (level 2, -2/19 HPs)
             Began as a Demonspawn Enchanter on Nov 16, 2023.
             Slain by a quokka (3 damage)
             ... on level 1 of the Dungeon.
             The game lasted 00:00:20 (368 turns).

kae the Vexing (Demonspawn Enchanter)                Turns: 368, Time: 00:00:20

Health: -2/19      AC:  2    Str:  8    XL:     2   Next: 41%
Magic:  5/5        EV: 12    Int: 16    God:
Gold:   38         SH:  0    Dex: 13    Spells: 5/5 levels left

rFire   . . .        a - +1 dagger
rCold   . . .        (no shield)
rNeg    . . .        b - +0 robe
rPois   .            (no helmet)
rElec   .            (no cloak)
rCorr   .            (no gloves)
SInv    .            (no boots)
Will    .....        (no amulet)
Stlth   ++           (no ring)
HPRegen 0.23/turn    (no ring)
MPRegen 0.09/turn

%: no passive effects
@: no status effects
A: ignite blood 1
a: no special abilities


You were on level 1 of the Dungeon.
You visited 1 branch of the dungeon, and saw 2 of its levels.

You collected 38 gold pieces.


Innate Abilities, Weirdness & Mutations

Your demonic aura sometimes causes spilled blood to erupt in flames.


   Skills:
 * Level 1.5 Short Blades
 - Level 1.7 Dodging
 + Level 2.9 Stealth
 + Level 2.2 Spellcasting
 + Level 3.1 Hexes


You had 5 spell levels left.
You didn't know any spells.
Your spell library contained the following spells:

 Spells                   Type           Power      Damage    Failure   Level
 Ensorcelled Hibernation  Hex/Ice        12%        N/A       16%         2
 Confusing Touch          Hex            11%        N/A       17%         3
 Tukima's Dance           Hex            11%        N/A       17%         3
 Dazzling Flash           Conj/Hex       12%        N/A       32%         3

Inventory:

Hand Weapons
 a - a +1 dagger (weapon)
Missiles
 d - 36 stones
Armour
 b - a +0 robe (worn)
Scrolls
 e - 2 scrolls of acquirement {unknown}
 f - a scroll of noise {unknown}
 h - 2 scrolls of revelation {unknown}
 i - a scroll of immolation {unknown}
Potions
 c - 2 potions of invisibility
 g - a potion of heal wounds {unknown}
 j - a potion of curing {unknown}
 k - a potion of enlightenment {unknown}

Dungeon Overview and Level Annotations

Branches:
Dungeon (2/15) Zot: 11634

Altars:

#.........#
########### #.# # ##.#
.# ... ..# #
#.########w..#
#.##.#...........
#.#.....hhS...... ###
#...#...h@r...... #..
##.#.....#######...#
#.# ..........###
##...# #.#
##.#.#......###.....##
#.#
##..##.#.##.......#
#.# ##. #.#.#........#
#.# ##...#..........#
####.#
....#..........#
#.....
.#.............#
#.##.#


You could see a dart slug, a quokka, 3 jackals and a ball python.


Message History

Unknown command.
The hobgoblin closely misses you.
Unknown command.
Unknown command.
You closely miss the hobgoblin. You hit the hobgoblin.
You kill the hobgoblin! 😱 HP[+1] Unknown command.
There is a stone staircase leading down here.
You start resting. 😕 HP[+14]
You regained 14 hp, and now have 16/19 hp.
d - 36 stones (gained 1)
Things that are here:
a +0 club; a bat corpse Key pressed, stopping explore.
No target in view!
No target in view! 😕 HP[+1]
i - a scroll labelled COXEMPEE TERGHY 😎 HP[+2]
Your hp is fully restored (19).
No target in view!
No target in view!
h - 2 scrolls labelled LEFRIA FEMEA (gained 1)
You see here a +0 dagger.
Things that are here:
a +0 club; a bat corpse
There is a stone staircase leading down here.
j - a smoky sapphire potion No target in view!
No target in view!
Found an escape hatch in the floor.
k - a viscous pink potion A ball python and a quokka come into view.
A jackal comes into view.
There are monsters nearby!
A jackal comes into view.
There are monsters nearby!
The jackal barks!
You hear a bark! x2; The ball python hisses angrily.
There is an escape hatch in the floor here.
You hit the quokka but do no damage. The quokka closely misses you.
The jackal barely misses you.
You miss the jackal.
A jackal comes into view.
The quokka closely misses you. The jackal closely misses you.
You hit the jackal but do no damage. The quokka closely misses you.
The jackal bites you. The quokka barely misses you.
The jackal closely misses you. 😕 HP[-1]
You take 1 damage, and now have 18/19 hp.
You hit the jackal.
The jackal bites you but does no damage.
The quokka closely misses you.
A jackal comes into view.
You barely miss the jackal. The jackal barely misses you.
The quokka closely misses you. 😎 HP[+1]
Your hp is fully restored (19).
Unknown command.
You closely miss the jackal.
The jackal barks!
The jackal closely misses you. x2
The quokka bites you but does no damage.
The jackal bites you but does no damage.
You closely miss the jackal. The jackal barely misses you.
The quokka bites you. The jackal closely misses you.
The jackal completely misses you. 😕 HP[-3]
You take 3 damage, and now have 16/19 hp.
You hit the jackal.
You kill the jackal!
The quokka barely misses you. The jackal misses you.
The jackal closely misses you.
A dart slug comes into view.
You hit the jackal. The quokka misses you. The jackal closely misses you.
The jackal completely misses you.
The quokka bites you but does no damage.
You closely miss the jackal. The jackal bites you.
The quokka barely misses you. The jackal barely misses you.
You barely miss the jackal. The jackal barely misses you. The jackal bites you.
The quokka bites you.
* * * LOW HITPOINT WARNING * * *
The jackal bites you.
* * * LOW HITPOINT WARNING * * *
The jackal barely misses you. 😱 HP[-12]
You take 12 damage, and now have 4/19 hp.
MASSIVE DAMAGE!! (PAUSE)
You are too injured to fight recklessly!
You are too injured to fight recklessly!
You are too injured to fight recklessly!
You are too injured to fight recklessly!
You barely miss the jackal. The jackal bites you.
* * * LOW HITPOINT WARNING * * *
The jackal bites you.
* * * LOW HITPOINT WARNING * * *
The jackal closely misses you. The quokka bites you.
You die...

Skill      XL: |  1 |
---------------+----+-----
Short Blades   | 1 |  1.5
Dodging        | |  1.7
Stealth        | |  2.9
Spellcasting   | |  2.2
Hexes          | |  3.1

Action                     || total
---------------------------++-------
  Melee: Dagger            ||    48
   Stab: Sleeping          ||     3
 Armour: Robe              ||    31
  Dodge: Dodged            ||    41

Levels and vault maps discovered:
D:1:      elethiomel_arrival_shortcut, layout_loops_cross
D:2:      layout_basic, serial_shops, shop

Notes
Turn   | Place    | Note
-------+----------+-------------------------------------------
     0 | D:1      | kae the Demonspawn Enchanter began the quest for the Orb.
     0 | D:1      | Reached XP level 1. HP: 13/13 MP: 3/3
     0 | D:1      | magus.rc [v1.11.3]
    21 | D:1      | You fall into a shaft and drop 1 floor!
    35 | D:2      | Reached skill level 1 in Short Blades
   142 | D:1      | Gained mutation: Your demonic aura sometimes causes spilled
                  | blood to erupt in flames. [demonic ancestry]
   142 | D:1      | Reached XP level 2. HP: 18/19 MP: 5/5
   236 | D:1      | HP: 1/19 [frozen (4)]
   367 | D:1      | HP: 4/19 [jackal (3)]
   368 | D:1      | HP: 1/19 [jackal (1)]
   368 | D:1      | Slain by a quokka

Vanquished Creatures
  A bat (D:1)
  An endoplasm (D:1)
  4 goblins
  4 hobgoblins
  A jackal (D:1)
  A frilled lizard (D:1)
  2 kobolds (D:1)
14 creatures vanquished.

Table legend:
 A = Non-vault XP
 B = Vault XP
 C = Vault XP percentage of total XP
 D = Non-vault monster count
 E = Vault monster count
 F = Vault count percentage of total count
                 A         B        C        D         E       F
            +---------+---------+-------+---------+---------+-------
      Total |      24 |       0 |   0.0 |      14 |       0 |   0.0
            +---------+---------+-------+---------+---------+-------
        D:1 |      15 |       0 |   0.0 |       9 |       0 |   0.0
        D:2 |       9 |       0 |   0.0 |       5 |       0 |   0.0
            +---------+---------+-------+---------+---------+-------

Skill      XL: |  1 |
---------------+----+-----
Short Blades   | 1 |  1.5
Dodging        | |  1.7
Stealth        | |  2.9
Spellcasting   | |  2.2
Hexes          | |  3.1

Action                     || total
---------------------------++-------
  Melee: Dagger            ||    48
   Stab: Sleeping          ||     3
 Armour: Robe              ||    31
  Dodge: Dodged            ||    41

Illustrated notes

Table legend:
 A = Kills in this place as a percentage of kills in the entire game.
 B = Kills by you in this place as a percentage of kills by you in the entire game.
 C = Kills by friends in this place as a percentage of kills by friends in the entire game.
 D = Other kills in this place as a percentage of other kills in the entire game.
 E = Experience gained in this place as a percentage of experience gained in the entire game.
 F = Experience gained in this place divided by the number of levels of this place that you have seen.
                   A       B       C       D       E      F
               +-------+-------+-------+-------+-------+----------------------
         Total | 100.0 | 100.0 |   N/A |   N/A | 100.0 |  12.0
       Dungeon | 100.0 | 100.0 |   N/A |   N/A | 100.0 |  12.0
               +-------+-------+-------+-------+-------+----------------------

Table legend: (Time is in decaauts)
 A = Elapsed time spent in this place.
 B = Non-inter-level travel time spent in this place.
 C = Inter-level travel time spent in this place.
 D = Time resting spent in this place.
 E = Time spent auto-exploring this place.
 F = Levels seen in this place.
 G = Mean time per level.
                   A        B        C        D        E       F      G
               +--------+--------+--------+--------+--------+-----+--------+
         Total |    364 |    349 |     15 |     58 |    201 |   2 |  182.0 |
       Dungeon |    364 |    349 |     15 |     58 |    201 |   2 |  182.0 |
               +--------+--------+--------+--------+--------+-----+--------+

Top non-repeatable levels by time:
     D:1: 248 daAuts
     D:2: 116 daAuts
